Map: Golden Wall LE

Players

LiquidClem (Clem)

  • Race: Terran Terran
  • League: Grandmaster
  • Spawn Location: 7:00

HeroMarine - Winner!

  • Race: Terran Terran
  • League: Master
  • Spawn Location: 5:00

Event: War Chest Team League

VOD

Have the link to the VOD?

Description

Time

  • Played on: Aug. 9, 2020, 7:57 a.m.
  • Length: 20:18
Show
View Real Time Build Order
Export as new Build Order

LiquidClem Terran 

Build Orders:  

Get SALT Encoding   

  12  0:00  SCV  
  13  0:12  SCV  
  14  0:17  Supply Depot  
  14  0:25  SCV  
  15  0:29  Refinery  
  15  0:39  SCV  
  16  0:44  Barracks  
  16  0:51  SCV  
  16  0:54  Refinery  
  17  1:03  SCV  
  18  1:15  SCV  
  19  1:31  Reaper, Orbital Command  
  20  1:33  Supply Depot  
  20  1:43  Factory  
  20  1:56  SCV  
  21  2:04  Reaper  
  22  2:08  SCV  
  23  2:21  SCV  
  24  2:26  Hellion  
  26  2:30  Command Center  
  26  2:33  SCV  
  27  2:40  Barracks Reactor  
  27  2:42  Starport  
  27  2:47  Supply Depot  
  27  2:53  Hellion  
  27  2:56  SCV  
  30  3:08  SCV  
  31  3:15  Factory Tech Lab  
  31  3:17  Marine x2  
  33  3:20  SCV  
  33  3:22  Medivac  
  36  3:28  Refinery  
  36  3:33  Siege Tank  
  39  3:41  SCV, Marine x2  
  39  3:44  Orbital Command  
  42  3:52  Starport Tech Lab  
  42  3:53  SCV  
  43  3:59  Supply Depot, Marine x2  
  45  4:07  Cyclone  
  48  4:11  SCV  
  48  4:12  SCV  
  50  4:18  Raven  
  52  4:25  SCV, Supply Depot  
  52  4:27  SCV  
  54  4:37  SCV  
  55  4:39  SCV  
  55  4:46  Siege Tank  
  55  4:49  Supply Depot  
  55  4:50  SCV  
  55  4:51  SCV  
  60  5:02  SCV  
  60  5:04  SCV  
  62  5:14  SCV, Raven, Marine x2  
  45  5:17  SCV  
  45  5:18  Command Center, Siege Tank  
  54  5:26  SCV  
  55  5:30  SCV, Barracks  
  55  5:32  Barracks  
  55  5:33  Refinery  
  56  5:36  Marine x2  
  56  5:38  SCV  
  59  5:43  SCV  
  60  5:50  SCV, Engineering Bay  
  60  5:51  Engineering Bay  
  60  5:56  SCV  
  65  5:57  Siege Tank  
  65  6:02  SCV  
  65  6:04  Starport Reactor, Supply Depot  
  66  6:06  Stimpack, Marine  
  66  6:08  SCV  
  68  6:15  SCV  
  69  6:20  Barracks Reactor  
  69  6:21  Barracks  
  69  6:23  Barracks  
  69  6:25  Marine  
  69  6:27  Terran Infantry Weapons Level 1, Terran Infantry Armor Level 1  
  69  6:28  SCV x2  
  72  6:37  Marine x2  
  77  6:42  Medivac x2  
  77  6:43  SCV  
  77  6:46  Marine  
  82  6:47  SCV  
  83  6:55  SCV, Marine x2  
  83  6:56  Supply Depot  
  83  6:58  Marine  
  83  6:59  Marine  
  88  7:01  SCV  
  88  7:04  Marine  
  88  7:06  Orbital Command  
  91  7:14  SCV  
  93  7:18  Marine  
  93  7:20  Marine  
  93  7:21  Marine x2  
  93  7:22  Barracks Reactor x2  
  95  7:23  Marine  
  95  7:26  SCV  
  95  7:27  Armory, Medivac  
  99  7:32  Medivac  
  99  7:33  Supply Depot  
  99  7:35  SCV, Marine  
  103  7:38  Marine  
  103  7:39  SCV x2  
  106  7:47  SCV, Marine  
  106  7:48  Supply Depot  
  106  7:49  Marine  
  109  7:55  SCV x2, Marine x2  
  109  7:57  Marine  
  114  8:01  Marine x2  
  114  8:04  Sensor Tower  
  116  8:05  Refinery, Marine  
  116  8:06  Refinery  
  116  8:09  Marine x2  
  116  8:10  SCV  
  116  8:11  SCV  
  118  8:17  Marine x3  
  118  8:18  Supply Depot  
  121  8:20  SCV  
  121  8:21  Marine x2  
  121  8:22  SCV  
  121  8:26  Supply Depot  
  125  8:28  Terran Infantry Weapons Level 2  
  125  8:33  Combat Shield  
  125  8:39  Marine x4  
  125  8:40  SCV x2  
  131  8:44  Supply Depot  
  131  8:45  SCV, Supply Depot  
  132  8:51  Medivac x2  
  132  8:52  SCV  
  132  8:53  Sensor Tower  
  137  8:57  Terran Infantry Armor Level 2  
  137  9:03  Supply Depot  
  137  9:04  Supply Depot, Marine  
  137  9:08  Marine  
  137  9:09  Marine  
  138  9:10  Marine x2  
  138  9:11  Marine x4  
  143  9:20  Siege Tank  
  143  9:22  Marine  
  141  9:24  Command Center  
  141  9:27  Marine  
  141  9:29  Liberator x2  
  148  9:38  Supply Depot  
  148  9:40  Terran Vehicle Weapons Level 1, Marine  
  148  9:41  Marine x3  
  148  9:42  Factory  
  148  9:43  Marine  
  148  9:44  Marine  
  154  9:48  Marine x2  
  154  9:52  Supply Depot, Siege Tank  
  156  9:58  Marine  
  160  10:00  Supply Depot, Marine x2  
  160  10:02  Supply Depot  
  160  10:04  Marine x2  
  160  10:06  Barracks Reactor  
  164  10:07  Marine x2  
  164  10:11  Supply Depot, Marine  
  167  10:16  Marine  
  167  10:18  Marine x2  
  170  10:21  Viking x2  
  170  10:22  Marine x2  
  170  10:24  Supply Depot  
  170  10:25  Marine x2, Siege Tank  
  175  10:28  Marine  
  175  10:34  Marine  
  174  10:35  Marine  
  174  10:36  Marine  
  174  10:39  Marine  
  174  10:40  Factory Tech Lab  
  174  10:41  Marine  
  174  10:42  SCV  
  171  10:43  Marine x3  
  171  10:44  Marine  
  171  10:47  Marine  
  175  10:52  Marine  
  175  10:53  Marine  
  167  10:57  Siege Tank  
  167  10:59  Marine  
  167  11:01  Marine x4  
  168  11:05  Marine  
  168  11:06  Planetary Fortress  
  168  11:09  Marine  
  169  11:11  Marine  
  169  11:13  Siege Tank  
  169  11:17  Marine  
  174  11:18  Marine  
  174  11:19  Marine x3  
  175  11:27  Marine  
  175  11:29  Marine, Siege Tank  
  176  11:37  Marine x3  
  180  11:42  Medivac  
  180  11:43  Medivac  
  180  11:44  Terran Infantry Weapons Level 3  
  180  11:45  Marine  
  180  11:46  Barracks Reactor x2, Siege Tank  
  180  11:47  Marine  
  186  11:49  Terran Infantry Armor Level 3  
  187  11:57  Marine  
  187  11:58  Marine x2  
  187  12:01  Siege Tank  
  190  12:03  Marine  
  190  12:04  Marine  
  192  12:10  Sensor Tower  
  192  12:13  Command Center  
  192  12:15  Marine x2  
  191  12:16  Marine  
  191  12:18  Siege Tank  
  191  12:21  Marine  
  191  12:22  Marine  
  197  12:25  Refinery  
  197  12:28  Barracks  
  197  12:29  Barracks x2  
  198  12:32  Terran Vehicle Weapons Level 2  
  198  12:33  Siege Tank  
  191  12:41  Marine  
  191  12:42  Medivac  
  191  12:44  Marine  
  185  12:45  Marine x5  
  185  12:46  Marine x2  
  185  12:50  Siege Tank  
  180  12:52  Medivac  
  179  12:59  Marine  
  179  13:01  Marine  
  179  13:03  Marine x3  
  179  13:05  Marine, Siege Tank  
  187  13:06  Marine x2  
  188  13:12  Medivac  
  188  13:16  Marine x2  
  188  13:18  Marine x3  
  188  13:19  Marine  
  191  13:20  Command Center  
  191  13:22  Medivac, Siege Tank  
  193  13:29  Marine  
  193  13:37  Siege Tank  
  193  13:38  Marine  
  193  13:39  Marine  
  193  13:40  Marine  
  193  13:41  Marine x7  
  163  13:42  Medivac, Marine  
  163  13:47  Marine  
  164  13:54  Siege Tank  
  167  13:55  Marine  
  167  13:57  Marine  
  167  13:58  Marine x4  
  173  14:03  Marine x2  
  173  14:04  Missile Turret, Marine x2  
  173  14:06  Planetary Fortress, Missile Turret, Sensor Tower  
  173  14:07  Sensor Tower  
  173  14:09  Marine x2  
  179  14:13  Marine, Siege Tank  
  179  14:15  Marine  
  182  14:20  Medivac, Marine  
  182  14:23  Marine x4  
  171  14:27  Marine x4  
  171  14:28  Marine  
  168  14:31  Marine  
  168  14:32  Marine  
  168  14:37  Medivac  
  168  14:38  Marine  
  171  14:40  Marine  
  171  14:41  Marine x3  
  171  14:43  Siege Tank  
  171  14:45  Marine x2  
  164  14:48  Marine x2  
  164  14:50  Marine x3  
  169  14:56  Marine  
  169  14:58  Marine x2  
  169  14:59  Marine x2  
  174  15:02  Medivac  
  174  15:03  Marine  
  174  15:04  Marine  
  174  15:06  Marine  
  176  15:10  Marine  
  174  15:19  Marine x3  
  174  15:20  Command Center  
  177  15:23  Orbital Command  
  177  15:25  Command Center  
  177  15:32  Medivac  
  177  15:35  Marine  
  174  15:36  Marine  
  174  15:37  Marine x5  
  174  15:38  Marine x2  
  174  15:39  Marine  
  183  15:45  Marine  
  183  15:49  Marine  
  173  15:52  Siege Tank  
  173  15:55  Marine x2  
  173  15:56  Marine  
  174  15:57  Marine x5  
  174  15:58  Marine x2  
  174  16:03  Marine  
  182  16:07  Marine  
  159  16:13  Marine x3  
  159  16:15  Marine x6, Factory Tech Lab  
  147  16:19  Medivac  
  147  16:20  Marine  
  147  16:24  Marine, Siege Tank  
  144  16:31  Marine x3  
  146  16:32  Marine  
  146  16:33  Marine x5  
  146  16:37  Siege Tank  
  146  16:38  Marine  
  137  16:42  Marine  
  137  16:48  Marine  
  137  16:49  Medivac, Marine x2  
  137  16:50  Marine x2  
  137  16:51  Marine x2  
  137  16:54  Marine x2  
  145  16:56  Marine, Siege Tank  
  142  17:05  Marine  
  142  17:06  Marine x2  
  142  17:07  Marine  
  131  17:08  Marine  
  131  17:09  Marine x3, Siege Tank  
  131  17:11  Marine  
  139  17:18  Marine x2  
  139  17:19  Medivac  
  143  17:23  Marine  
  143  17:24  Marine x2  
  143  17:25  Marine  
  143  17:26  Marine  
  143  17:27  Marine  
  143  17:28  Siege Tank  
  143  17:29  Marine x3  
  155  17:36  Marine x2  
  157  17:40  Marine  
  157  17:42  Marine x3  
  157  17:44  Marine  
  154  17:45  Marine  
  154  17:47  Marine x3  
  158  17:54  Marine x2  
  160  17:58  Marine  
  160  18:00  Marine x3  
  160  18:02  Marine x2  
  160  18:04  Marine x2  
  160  18:05  Marine  
  169  18:10  Siege Tank  
  169  18:11  Marine x2  
  172  18:16  Marine  
  172  18:17  Marine  
  172  18:18  Marine x2  
  172  18:19  Marine  
  172  18:20  Marine  
  172  18:22  Marine x2  
  172  18:23  Marine  
  174  18:29  Marine x2  
  166  18:34  Marine  
  166  18:35  Marine  
  166  18:37  Marine  
  157  18:47  Marine  
  150  18:59  Orbital Command  
  150  19:00  Marine  
  145  19:04  Siege Tank  
  145  19:06  Marine x2  
  150  19:13  SCV x3  
  148  19:17  Marine x3  
  148  19:24  Marine  
  151  19:25  Marine x2  
  151  19:28  Marine x4  
  151  19:31  Medivac, Marine  
  156  19:35  Marine x2  
  158  19:41  Siege Tank  
  158  19:44  Marine x3  
  164  19:49  Marine x4  
  164  19:51  Marine  
  164  19:52  Marine  
  129  19:56  Marine x2  
  124  20:04  Refinery x2  
Show
View Real Time Build Order
Export as new Build Order

HeroMarine Terran - Winner!

Build Orders: Reaper Expand 

Get SALT Encoding   

  12  0:00  SCV  
  13  0:12  SCV  
  14  0:17  Supply Depot  
  14  0:24  SCV  
  15  0:38  SCV  
  15  0:39  Barracks  
  16  0:43  Refinery  
  16  0:50  SCV  
  17  1:03  SCV  
  18  1:15  SCV  
  19  1:26  Reaper  
  19  1:27  Orbital Command  
  20  1:43  Command Center  
  20  1:51  Supply Depot  
  21  1:54  SCV  
  21  1:59  Marine  
  22  2:06  SCV  
  23  2:11  Factory  
  23  2:18  Refinery  
  23  2:19  Marine  
  23  2:22  SCV  
  25  2:28  Bunker  
  25  2:34  SCV  
  26  2:38  Barracks Reactor  
  26  2:46  SCV  
  27  2:56  Factory Tech Lab  
  27  2:57  Starport  
  27  2:59  Orbital Command  
  27  3:03  SCV  
  28  3:15  SCV, Cyclone  
  28  3:16  Marine  
  28  3:18  Marine  
  34  3:26  SCV  
  36  3:27  SCV  
  36  3:31  Supply Depot  
  36  3:37  Starport Tech Lab, Marine  
  36  3:38  SCV  
  36  3:39  SCV  
  36  3:40  Marine  
  40  3:50  SCV  
  40  3:51  SCV  
  40  3:55  Raven, Marine  
  44  3:58  Marine  
  44  4:00  Supply Depot  
  44  4:02  SCV  
  47  4:03  SCV  
  48  4:14  SCV  
  48  4:15  SCV  
  52  4:18  Siege Tank  
  52  4:22  Command Center  
  53  4:26  Supply Depot  
  53  4:27  SCV  
  53  4:28  SCV  
  53  4:30  Marine  
  53  4:31  Marine  
  57  4:40  SCV x2  
  59  4:48  Marine x2  
  59  4:51  Siege Tank  
  59  4:52  SCV x2  
  63  5:04  SCV x2  
  65  5:16  SCV x2  
  65  5:19  Barracks  
  65  5:24  Starport Reactor  
  65  5:26  Barracks  
  65  5:28  SCV x2  
  67  5:30  Stimpack  
  67  5:34  Refinery  
  68  5:36  Refinery  
  68  5:38  Orbital Command  
  68  5:43  Engineering Bay x2  
  68  5:45  Siege Tank  
  68  5:46  SCV  
  68  5:49  SCV  
  72  5:50  Marine  
  73  5:57  Orbital Command  
  73  5:59  SCV  
  73  6:01  SCV  
  75  6:11  SCV, Supply Depot  
  76  6:12  Starport Reactor  
  76  6:13  SCV, Terran Infantry Weapons Level 1, Marine  
  76  6:14  Barracks  
  76  6:15  Marine x2, Barracks  
  80  6:23  SCV, Marine x2  
  80  6:25  SCV  
  84  6:26  Terran Infantry Armor Level 1  
  84  6:30  Supply Depot  
  84  6:32  Supply Depot  
  84  6:33  Supply Depot  
  84  6:34  SCV  
  84  6:35  SCV  
  84  6:37  SCV  
  86  6:41  Marine x4  
  86  6:42  Siege Tank  
  93  6:51  SCV x3, Medivac x2  
  99  6:56  Marine  
  99  6:59  Marine  
  101  7:03  SCV  
  101  7:04  SCV x2  
  101  7:05  Barracks Reactor x2, Marine x2  
  106  7:09  Marine  
  106  7:14  Marine  
  106  7:15  SCV  
  109  7:16  SCV x2  
  109  7:17  Marine  
  109  7:18  Supply Depot x2  
  109  7:20  Armory  
  112  7:23  Marine  
  112  7:24  Refinery  
  112  7:29  SCV x3  
  116  7:32  Marine x3  
  116  7:34  Missile Turret  
  119  7:37  Refinery  
  119  7:38  Medivac  
  119  7:42  Medivac  
  123  7:47  Supply Depot, Combat Shield  
  123  7:48  SCV x3  
  123  7:49  Marine  
  127  7:51  Marine x2  
  127  7:52  Marine  
  127  7:57  Marine x2  
  126  7:59  Marine  
  126  8:00  SCV x3, Marine  
  126  8:03  Marine  
  129  8:07  Marine  
  129  8:11  Marine x2  
  132  8:14  Marine, Siege Tank  
  132  8:15  Marine  
  132  8:16  Terran Infantry Weapons Level 2  
  132  8:19  Factory  
  137  8:21  Terran Infantry Armor Level 2  
  137  8:22  Missile Turret  
  137  8:25  Marine  
  137  8:26  Marine x4  
  142  8:29  Marine x2  
  142  8:32  Marine  
  142  8:33  Marine  
  146  8:38  Sensor Tower  
  146  8:42  Medivac  
  146  8:43  Marine  
  146  8:45  Marine  
  149  8:58  Supply Depot, Marine x6, Medivac  
  149  8:59  Supply Depot  
  156  9:03  Command Center  
  156  9:06  Marine  
  156  9:09  Marine  
  156  9:10  SCV  
  156  9:11  SCV x2  
  156  9:12  Medivac  
  156  9:16  Marine  
  149  9:22  SCV, Marine x4  
  149  9:23  SCV x2  
  150  9:28  Viking  
  150  9:31  Barracks Reactor  
  152  9:34  SCV, Marine x4  
  152  9:35  SCV x2  
  152  9:36  Siege Tank  
  162  9:39  Marine  
  162  9:40  Marine  
  164  9:46  SCV, Missile Turret, Sensor Tower  
  164  9:47  SCV x2  
  164  9:51  Marine x2  
  164  9:52  Marine x2  
  170  9:54  Siege Tank  
  174  10:03  Medivac x2  
  178  10:08  Supply Depot x2, Siege Tank  
  178  10:09  Terran Vehicle Weapons Level 1, Supply Depot  
  176  10:23  SCV x3  
  175  10:28  Siege Tank  
  178  10:38  Viking x2  
  178  10:40  SCV x3, Siege Tank  
  178  10:41  Marine x2  
  178  10:42  Marine x2  
  190  10:43  Marine  
  192  10:53  Marine  
  192  10:54  Marine  
  194  10:59  Marine x4  
  194  11:00  Siege Tank  
  194  11:03  Marine  
  194  11:04  Marine x3  
  198  11:09  Planetary Fortress  
  200  11:14  Barracks x3  
  200  11:20  Terran Infantry Weapons Level 3, Terran Infantry Armor Level 3  
  182  11:37  Siege Tank x2  
  182  11:39  Marine x4  
  192  11:41  Marine x2  
  192  11:43  Marine x2  
  196  11:56  Refinery  
  196  11:57  Refinery  
  196  11:58  Missile Turret  
  195  12:13  Barracks Reactor x2  
  195  12:14  Barracks Reactor  
  195  12:16  Marine x2  
  195  12:17  Marine  
  195  12:18  Marine x2  
  197  12:36  Siege Tank  
  188  12:39  Marine x2  
  188  12:41  Marine  
  188  12:42  Marine x2  
  176  12:44  Siege Tank  
  176  12:45  Marine x5  
  176  12:48  Terran Vehicle Weapons Level 2  
  176  12:51  Marine x2  
  176  12:52  Marine x2  
  176  12:54  Marine x2  
  176  12:55  Medivac x2  
  176  12:57  Marine x2  
  188  12:59  Marine x3  
  188  13:02  Marine  
  188  13:03  Marine x4  
  194  13:08  Siege Tank  
  194  13:09  Marine x3  
  197  13:17  Siege Tank  
  200  13:22  Marine x2  
  192  13:35  Marine x3  
  192  13:40  Siege Tank  
  190  13:42  Medivac x2, Marine  
  190  13:43  Marine  
  190  13:44  Marine x3  
  190  13:47  Marine  
  200  13:57  Command Center  
  200  13:59  Fusion Core  
  200  14:00  Starport x2  
  200  14:19  Sensor Tower  
  200  14:20  Marine x2  
  200  14:23  Marine x8  
  169  14:26  Marine x2  
  169  14:28  Medivac x2, Siege Tank x2  
  177  14:32  Marine x2  
  177  14:36  Marine x2  
  177  14:38  Marine x2  
  179  14:41  Marine x2  
  179  14:43  Marine x6  
  179  14:44  Marine x2  
  179  14:50  Marine x2  
  173  14:54  Marine x2  
  173  14:56  Marine x2  
  173  14:58  Medivac x2, Marine  
  173  14:59  Marine  
  173  15:00  Siege Tank x2  
  173  15:01  Marine x6  
  173  15:02  SCV x4, Marine x2  
  180  15:08  Marine x2  
  180  15:11  Marine  
  180  15:12  Marine  
  180  15:14  SCV x4, Marine x2  
  188  15:28  Medivac x4, Marine x4  
  196  15:34  Marine  
  196  15:35  Marine x2  
  197  15:46  Siege Tank  
  200  15:52  Advanced Ballistics  
  197  16:08  Marine x2  
  180  16:16  Siege Tank  
  172  16:18  Siege Tank  
  172  16:19  Planetary Fortress, Marine x6  
  172  16:20  Marine  
  172  16:21  Marine x2  
  172  16:24  Marine x2  
  181  16:29  Marine x2  
  181  16:30  Marine x2  
  181  16:31  Marine  
  184  16:37  Marine x6  
  184  16:38  Marine, Liberator x3  
  184  16:39  Liberator  
  186  16:40  Orbital Command  
  186  16:42  Marine x3  
  189  16:48  Marine  
  189  16:50  Marine x2  
  190  16:59  Marine  
  172  17:02  Marine x2  
  172  17:04  Marine x2  
  155  17:10  Siege Tank  
  155  17:12  Siege Tank  
  155  17:14  Marine  
  159  17:15  Marine  
  159  17:21  Missile Turret, Liberator x3  
  169  17:24  Marine x2  
  169  17:26  Marine x2  
  173  17:38  Viking  
  173  17:40  Marine x7  
  173  17:42  Siege Tank  
  173  17:43  Marine x3  
  185  17:46  Marine x2  
  185  17:50  Marine x2  
  185  17:51  Marine x2  
  190  17:57  Marine  
  190  17:58  Marine x3  
  195  18:01  Siege Tank  
  195  18:04  Viking  
  200  18:11  Starport Reactor x2  
  200  18:12  Terran Ship Weapons Level 1  
  200  18:24  Marine x2  
  200  18:26  Marine  
  197  18:34  Viking  
  197  18:35  Marine  
  197  18:41  Marine x2  
  181  18:43  Marine x2  
  181  18:45  Siege Tank x2  
  181  18:46  Marine x10  
  188  18:48  Marine  
  188  18:52  Marine  
  187  18:59  Marine x2  
  187  19:01  Marine x2  
  186  19:06  Viking  
  186  19:07  Viking x2  
  186  19:08  Liberator  
  184  19:10  Liberator  
  184  19:14  Marine x2  
  188  19:17  Marine x2, Siege Tank  
  188  19:23  Siege Tank  
  193  19:28  Liberator  
  197  19:48  Marine x2  
  197  19:49  Marine  
  197  19:50  Marine x3  
  174  19:53  Marine  
Tags
 
Add a new tag
Caveats
  • Supply blocks, unpowered buildings, or Contaminate may cause inaccurate times.
  • Supply counts are checked every 10 seconds.